AoeStats
← Shiboridashi

Arabia

503817917Analyzed
2v2 RM · 1mo ago on Sep 2, 2026· 62m 49s· 4 players
Game mode
Random Map
Map size
Medium (4 player)
Population
200
Speed
Normal
Resources
Standard
Victory
Conquest
Starting age
Dark Age
Ending age
Imperial Age
RankedLock teamsTeams togetherTeam positionsShared explorationLock speedFull tech treeHidden civsTurbo modeCheats
Victory
Defeat
🇫🇷 Persians · France
1206
+11
🇫🇷 Chinese · France
1169
+16
🇨🇳 Tatars · China
1121
-13
🇫🇷 Aztecs · France
1051
-10
帝国老油条
4:53 Loom
10:24 Feudal Age
11:29 Double-Bit Axe
16:08 Horse Collar
17:07 Wheelbarrow
21:16 Castle Age
20:24 Forging
20:23 Scale Barding Armor
21:01 Bloodlines
26:30 Chain Barding Armor
28:12 Bow Saw
30:42 Forging
33:07 Husbandry
40:02 Iron Casting
49:43 Heavy Plow
49:42 Town Watch
54:42 Imperial Age
53:14 Light Cavalry
54:44 Cavalier
56:16 Plate Barding Armor
62:03 Pikeman
Bichir
0:27 Loom
13:07 Feudal Age
18:56 Castle Age
18:49 Scale Mail Armor
19:05 Forging
19:07 Double-Bit Axe
20:37 Pikeman
22:26 Sanctity
27:34 Eagle Warrior
32:22 Chain Mail Armor
40:56 Fervor
41:06 Squires
42:11 Fletching
52:46 Imperial Age
54:08 Plate Mail Armor
57:27 Elite Eagle Warrior
59:04 Iron Casting
61:14 Blast Furnace
61:21 Wheelbarrow
Pandidub
0:28 Loom
9:30 Feudal Age
10:17 Double-Bit Axe
13:17 Horse Collar
22:37 Castle Age
23:46 Fletching
24:07 Thumb Ring
24:25 Crossbowman
25:21 Bodkin Arrow
39:01 Ballistics
43:22 Wheelbarrow
45:32 Imperial Age
45:43 Padded Archer Armor
45:33 Arbalester
46:21 Bracer
51:44 Chemistry
52:59 Hand Cart
52:36 Gold Mining
52:36 Stone Mining
53:27 Conscription
Shiboridashi
7:13 Loom
10:11 Feudal Age
11:05 Double-Bit Axe
16:09 Castle Age
15:18 Horse Collar
24:02 Forging
25:43 Bloodlines
28:05 Scale Barding Armor
30:15 Fletching
32:33 Town Watch
34:17 Iron Casting
35:02 Bow Saw
34:57 Heavy Plow
36:40 Wheelbarrow
36:45 Chain Barding Armor
38:04 Pikeman
42:14 Bodkin Arrow
48:33 Imperial Age
50:04 Two-Man Saw
49:37 Crop Rotation
48:41 Cavalier
54:47 Hand Cart
54:31 Gold Mining
56:23 Gold Shaft Mining
58:13 Blast Furnace
57:25 Savar
58:26 Town Patrol
58:32 Husbandry
62:50 Conscription
Connection lost

Rejoining the realm…

Still unreachable

The connection could not be restored.

Session expired

The server has moved on; the page needs a fresh start.